 Dungeon Crawl Stone Soup version 0.21-a0-516-gaaff437 (webtiles) character file.

3359 Gerstahl the Prestidigitator (level 9, 0/73 HPs)
             Began as a Demonspawn Artificer on Dec 3, 2017.
             Was a Follower of Ashenzari.
             Engulfed by a steam dragon's steam (10 damage)
             ... on level 9 of the Dungeon.
             The game lasted 00:24:33 (11793 turns).

Gerstahl the Prestidigitator (DsAr)                Turns: 11793, Time: 00:24:33

Health: 0/73       AC: 10    Str: 19    XL:     9   Next: 73%
Magic:  16/16      EV: 13    Int: 12    God:    Ashenzari [*.....]
Gold:   325        SH:  0    Dex: 18    Spells: 8/8 levels left

rFire    . . .     SeeInvis .   x - staff of poison
rCold    . . .     Gourm    .   (no shield)
rNeg     . . .     Faith    .   i - +0 ring mail (curse)
rPois    +         Spirit   .   (helmet restricted)
rElec    .         Reflect  .   (no cloak)
rCorr    .         Harm     .   c - +1 pair of gloves
MR       +....                  n - +0 pair of boots
Stlth    +.........             (no amulet)
HPRegen  0.22/turn              t - ring of protection from magic
MPRegen  0.15/turn              (no ring)

@: mighty, drained
A: horns 2, thin metallic scales 1, agile 1, demonic guardian 1, high mp 1,
powered by pain 1
a: Curse Item, Scrying, Renounce Religion


You were on level 9 of the Dungeon.
You worshipped Ashenzari.
Ashenzari was aware of your devotion.
You were not hungry.

You visited 2 branches of the dungeon, and saw 11 of its levels.

You collected 325 gold pieces.

Inventory:

Hand Weapons
 a - a +1 short sword
Armour
 c - a +1 pair of gloves (worn)
 i - a cursed +0 ring mail (worn)
 n - a +0 pair of boots (worn)
Magical Staves
 x - an uncursed staff of poison (weapon)
Jewellery
 r - an uncursed ring of protection from magic
 t - a ring of protection from magic (left hand)
Wands
 d - a wand of enslavement (3)
 e - a wand of random effects (6)
Scrolls
 b - a scroll of enchant weapon
 k - a scroll of magic mapping
 m - 5 scrolls of identify
 o - a scroll of enchant armour
 s - 4 scrolls of remove curse
Potions
 h - 2 potions of agility
 j - 4 potions of flight
 q - 3 potions of mutation
Books
 p - a book of Cantrips

   Spells                             Type                      Level
   a - Confusing Touch                Hexes                        1
   b - Animate Skeleton               Necromancy                   1
   c - Summon Small Mammal            Summoning                    1
   d - Apportation                    Translocation                1
 y - a book of Minor Magic

   Spells                             Type                      Level
   a - Magic Dart                     Conjuration                  1
   b - Blink                          Translocation                2
   c - Call Imp                       Summoning                    2
   d - Slow                           Hexes                        2
   e - Conjure Flame                  Conjuration/Fire             3
   f - Mephitic Cloud                 Conjuration/Poison/Air       3
Comestibles
 f - 9 bread rations
 B - 2 meat rations


   Skills:
 + Level 7.6(7.4) Fighting
 - Level 6.4(6.1) Short Blades
 + Level 2.5(2.3) Staves
 + Level 4.0(3.7) Dodging
 - Level 0.8(0.6) Stealth
 + Level 8.3(8.0) Evocations


You had 8 spell levels left.
You didn't know any spells.

Dungeon Overview and Level Annotations

Branches:
Dungeon (10/15)            Temple (1/1) D:6
   Lair: D:8-11         Orc: D:9-12

Altars:
Ashenzari
Cheibriados
Fedhas
Kikubaaqudgha
Ru
Sif Muna
Wu Jian
Yredelemnul
The Shining One

Shops:
D:4 :   D:9 **

Portals:
Trove: D:10 (give +2 gold dragon scales)

Annotations:
D:5 Ijyb
D:10 Nergalle


Innate Abilities, Weirdness & Mutations

You have a pair of horns on your head.
You are partially covered in thin metallic scales. (AC +2)
A weak demonic guardian rushes to your aid.
You sometimes gain a little power by taking damage.
You are agile. (Dex +2)
You have an increased reservoir of magic. (+10% MP)


Message History

* * * LOW HITPOINT WARNING * * *
The steam dragon bites you but does no damage.
The steam dragon claws you.
* * * LOW HITPOINT WARNING * * *
You swap places.
You are engulfed in a cloud of scalding steam.
Your quasit bites the steam dragon but does no damage.
Your quasit claws the steam dragon but does no damage. x2
The steam dragon misses your quasit.
The steam dragon claws your quasit but does no damage.
You are engulfed in a cloud of scalding steam.
* * * LOW HITPOINT WARNING * * *
A ball of steam appears from out of your range of vision.
The ball of steam misses your quasit. The ball of steam hits you!
* * * LOW HITPOINT WARNING * * *
Really walk into that cloud of steam?
Okay, then.
Really walk into that cloud of steam?
You are engulfed in a cloud of scalding steam.
You die...

≈ ###...#.# .. #..# ≈≈≈≈#....(#
.## #..# ≈#≈ #.##.##### ..# ##..#
≈ ≈≈ #..÷>....# #.# ##.... ≈≈#≈
#.##.###.# #.### ##.....
≈≈≈≈##....)...# #.#.## ##.>.<..
#≈≈≈≈...#.##..####....####.......
≈≈###.............#......'.......
#.....#[##..##@###..####.......
..............#.## ##.# ##......
###.##....)...##5###.## ##.....
#. #.....######[#.## ##...# #.
#.###.# ##D## ##+## # #.# #.# #z#
###.## #. #.# #z# #..... ..# #z#
#.#.## ### #z# #....#


There were no monsters in sight!

Vanquished Creatures
  An orc warrior (D:8)
  An ice beast (D:7)
  A phantom (D:6)
  2 sky beasts
  2 ogres
  A centaur (D:5)
  3 bullfrogs
  A wyvern zombie (D:8)
  3 scorpions (D:8)
  8 killer bees
  6 wights
  A howler monkey (D:7)
  A crimson imp (D:5)
  A centaur zombie (D:5)
  A quasit (D:7)
  5 hounds
  An orc priest (D:7)
  2 centaur skeletons
  2 jellies
  2 bullfrog skeletons
  5 orc wizards
  6 worker ants
  A killer bee zombie (D:7)
  A hound skeleton (D:5)
  10 adders
  2 shadow imps
  An ooze (D:5)
  An adder skeleton (D:6)
  An adder zombie (D:6)
  3 worms
  3 dart slugs (D:2)
  A leopard gecko (D:7)
  21 orcs
  4 giant cockroaches
  4 goblins
  4 hobgoblins
  10 jackals
  8 kobolds
  3 quokkas
  4 bats (D:2)
  6 frilled lizards
  A leopard gecko skeleton (D:7)
  8 rats
153 creatures vanquished.

Vanquished Creatures (collateral kills)
  Prince Ribbit (D:5)
  An orc warrior (D:6)
  2 ogres
  A centaur (D:5)
  Blork the orc (D:4)
  A bullfrog (D:7)
  5 killer bees
  A wight (D:7)
  2 hounds (D:5)
  An orc priest (D:3)
  2 orc wizards
  7 orcs
  2 jackals (D:3)
  4 kobolds (D:10)
  A quokka (D:8)
  2 frilled lizards
34 creatures vanquished.

Vanquished Creatures (others)
  A killer bee (D:8)
1 creature vanquished.

Grand Total: 188 creatures vanquished

Notes
Turn   | Place    | Note
-------+----------+-------------------------------------------
     0 | D:1      | Gerstahl the Demonspawn Artificer began the quest for the Orb.
     0 | D:1      | Reached XP level 1. HP: 15/15 MP: 3/3
    27 | D:1      | Reached skill level 1 in Short Blades
   287 | D:1      | Gained mutation: You have a pair of small horns on your head. [demonic ancestry]
   287 | D:1      | Reached XP level 2. HP: 20/21 MP: 4/4
   892 | D:2      | Gained mutation: A weak demonic guardian rushes to your aid. [demonic ancestry]
   892 | D:2      | Reached XP level 3. HP: 13/27 MP: 5/5
  1679 | D:2      | Gained mutation: You are partially covered in thin metallic scales. (AC +2) [demonic ancestry]
  1679 | D:2      | Reached XP level 4. HP: 30/33 MP: 6/6
  2095 | D:3      | Reached skill level 4 in Evocations
  2360 | D:3      | Reached XP level 5. HP: 27/40 MP: 8/8
  2982 | D:4      | Noticed an ogre
  2988 | D:4      | Killed an ogre
  3093 | D:4      | Gained mutation: You have a pair of horns on your head. [demonic ancestry]
  3093 | D:4      | Reached XP level 6. HP: 47/47 MP: 9/9
  3382 | D:4      | Noticed Blork the orc
  3388 | D:4      | Killed Blork the orc
  3899 | D:4      | Reached skill level 5 in Evocations
  4016 | D:4      | Found Plog's Book Boutique.
  4381 | D:5      | Entered Level 5 of the Dungeon
  4381 | D:5      | Noticed Prince Ribbit
  4398 | D:5      | Killed Prince Ribbit
  4398 | D:5      | Gained mutation: You sometimes gain a little power by taking damage. [demonic ancestry]
  4398 | D:5      | Reached XP level 7. HP: 41/55 MP: 9/11
  4521 | D:5      | HP: 2/55 [hound (4)]
  4568 | D:5      | Gained mutation: You are agile. (Dex +2) [potion of mutation]
  4568 | D:5      | Gained mutation: You have an increased reservoir of magic. (+10% MP) [potion of mutation]
  5061 | D:5      | Reached skill level 5 in Fighting
  5136 | D:5      | Reached skill level 6 in Evocations
  5172 | D:5      | Reached XP level 8. HP: 37/62 MP: 13/13
  5196 | D:5      | Reached skill level 5 in Short Blades
  5669 | D:5      | Noticed Ijyb
  6018 | D:6      | Found a staircase to the Ecumenical Temple.
  6210 | D:6      | Found a snail-covered altar of Cheibriados.
  6482 | Temple   | Entered the Ecumenical Temple
  6487 | Temple   | Became a worshipper of Ashenzari the Shackled
  7241 | D:7      | Reached skill level 7 in Evocations
  7695 | D:7      | Reached XP level 9. HP: 62/71 MP: 15/15
  8516 | D:8      | You fall through a shaft for 2 floors!
  8516 | D:10     | Entered Level 10 of the Dungeon
  8524 | D:10     | Found a portal to a secret trove of treasure.
  8544 | D:10     | Noticed Nergalle
  8725 | D:10     | Noticed a centaur warrior
  9530 | D:8      | Reached skill level 1 in Staves
 10276 | D:8      | Reached * piety under Ashenzari
 10435 | D:8      | Reached skill level 8 in Evocations
 11396 | D:9      | Found Taboduff's General Store.
 11729 | D:9      | Found Pysuom's General Store.
 11793 | D:9      | Engulfed by a steam dragon's steam

Vault maps used:
D:1:      dpeg_arrival_central, minivault_5, hangedman_abyss_or_decor_stabs,
          st_stairs_3
D:2:      minmay_tetromino_t4
D:3:      nicolae_underground_beach
D:4:      serial_shops, shop, first_bread, uniq_blork_the_orc
D:5:      uniq_ijyb, uniq_prince_ribbit1
D:6:      lemuel_doored_altar, minmay_temple_entry_glassed_door, eino_curves_04,
          st_stairs_14, item_on_display_a
D:9:      serial_shops, nicolae_shop_statue_plus, shop_fountains,
          nicolae_shop_statue_plus, minivault_4
D:10:     kennysheep_orc_monster_closet_entryway,
          nicolae_trove_entry_free_sample, uniq_josephine, uniq_nergalle,
          uniq_joseph
Temple:   grunt_wide_crystal_templ

Skill      XL: |  1  2  3  4  5  6  7  8  9 |
---------------+----------------------------+-----
Short Blades   | 1 2 3 4 6 |  6.4
Fighting       | 2 3 4 5 6 7 |  7.6
Evocations     | 4 5 6 7 8 |  8.3
Dodging        | 2 4 |  4.0
Staves         | 2 |  2.5
Stealth        | |  0.8

Action                   |  1- 3 |  4- 6 |  7- 9 || total
-------------------------+-------+-------+-------++-------
Melee: Short sword       |   126 |   206 |   354 ||   686
       Headbutt          |    17 |    35 |   131 ||   183
       Staff             |       |       |   194 ||   194
Evoke: Wand              |       |     3 |    33 ||    36
  Use: Potion            |       |       |    13 ||    13
       Scroll            |       |       |    12 ||    12
 Stab: Distracted        |       |     1 |     4 ||     5
       Sleeping          |       |       |     2 ||     2
  Eat: Chunk             |     2 |     8 |    11 ||    21
       Meat ration       |       |       |     1 ||     1
       Royal jelly       |       |       |     3 ||     3
       Fruit             |       |       |     4 ||     4
Armor: Leather armour    |     8 |       |       ||     8
       Ring mail         |    32 |    65 |   237 ||   334
Dodge: Dodged            |    75 |   113 |   330 ||   518

Table legend:
 A = Spawn XP
 B = Non-spawn XP
 C = Spawn XP percentage of total XP
 D = Spawn monster count
 E = Non-spawn monster count
 F = Spawn count percentage of total count
 G = Total turns spent on level
                    A         B        C        D         E        F      G
               +---------+---------+-------+---------+---------+-------+---------
         Total |       0 |    4799 |   0.0 |       0 |     187 |   0.0 | 11793
               +---------+---------+-------+---------+---------+-------+---------
           D:1 |       0 |      20 |   0.0 |       0 |      14 |   0.0 |   836
           D:2 |       0 |     101 |   0.0 |       0 |      30 |   0.0 |  1253
           D:3 |       0 |     168 |   0.0 |       0 |      25 |   0.0 |   893
           D:4 |       0 |     396 |   0.0 |       0 |      15 |   0.0 |  1399
           D:5 |       0 |     872 |   0.0 |       0 |      19 |   0.0 |  1383
           D:6 |       0 |     709 |   0.0 |       0 |      22 |   0.0 |  1659
           D:7 |       0 |     785 |   0.0 |       0 |      22 |   0.0 |   808
           D:8 |       0 |    1060 |   0.0 |       0 |      19 |   0.0 |  2286
           D:9 |       0 |     588 |   0.0 |       0 |      15 |   0.0 |   799
          D:10 |       0 |     100 |   0.0 |       0 |       6 |   0.0 |   466
               +---------+---------+-------+---------+---------+-------+---------
